Map: 凯罗斯中转站-天梯版

Players

ShoWTimE - Winner!

  • Race: Protoss Protoss

msrm

  • Race: Zerg Zerg
  • League: Master

Event: WESG 2018 Grand Finals

VOD

Have the link to the VOD?

Description

Time

  • Played on: March 11, 2019, 12:07 a.m.
  • Length: 7:49

All games in this series

Show
View Real Time Build Order
Export as new Build Order

ShoWTimE Protoss - Winner!

Build Orders: 1 Gate Expand, Oracle Opening 

Get SALT Encoding   

  12  0:00  Probe  
  13  0:12  Probe  
  14  0:17  Pylon  
  14  0:24  Probe  
  15  0:32  Probe  
  15  0:40  Probe, Gateway  
  16  0:47  Assimilator  
  17  0:51  Probe  
  18  1:03  Probe  
  19  1:15  Probe  
  20  1:27  Cybernetics Core  
  20  1:34  Nexus  
  20  1:37  Probe  
  21  1:44  Pylon  
  21  1:49  Probe  
  21  1:51  Assimilator  
  21  1:53  Adept  
  22  2:01  Probe  
  25  2:13  Probe  
  26  2:18  Adept  
  26  2:24  Stargate  
  26  2:25  Probe  
  29  2:37  Probe, Warp Gate  
  29  2:44  Probe  
  30  2:48  Stalker  
  30  2:50  Probe  
  34  2:52  Probe  
  35  3:03  Void Ray  
  35  3:12  Gateway  
  35  3:17  Gateway  
  39  3:26  Shield Battery  
  39  3:30  Pylon  
  39  3:34  Adept  
  39  3:38  Oracle  
  39  3:41  Probe x2  
  32  4:10  Shield Battery  
  32  4:15  Probe x2  
  32  4:24  Probe  
  32  4:28  Probe  
  34  4:32  Probe  
  35  4:40  Probe  
  35  4:41  Probe  
  37  4:49  Probe  
  37  4:52  Probe  
  38  4:55  Stalker  
  38  4:57  Probe  
  41  5:04  Probe  
  43  5:08  Probe  
  44  5:14  Pylon  
  44  5:16  Probe  
  44  5:17  Probe  
  44  5:18  Sentry  
  48  5:25  Probe  
  49  5:28  Probe  
  49  5:30  Twilight Council  
  49  5:34  Probe  
  50  5:40  Probe  
  50  5:41  Pylon  
  52  5:44  Stalker  
  52  5:46  Probe  
  55  5:52  Stalker, Probe  
  55  5:53  Charge  
  55  5:56  Pylon  
  58  5:58  Probe  
  58  6:01  Gateway  
  59  6:05  Gateway  
  59  6:13  Shield Battery  
  59  6:20  Gateway  
  59  6:21  Zealot  
  61  6:28  Cybernetics Core  
  61  6:31  Shield Battery  
  59  6:35  Stalker  
  59  6:37  Zealot  
  59  6:41  Shield Battery  
  59  6:44  Zealot  
  61  6:48  Pylon  
  61  6:57  Zealot x3  
  67  7:03  Pylon  
  67  7:11  Zealot  
  67  7:12  Probe x2  
  71  7:19  Zealot x3  
  75  7:23  Zealot  
  75  7:25  Probe  
  75  7:27  Probe  
  75  7:28  Assimilator  
  77  7:35  Zealot  
  73  7:42  Zealot x3  
Show
View Real Time Build Order
Export as new Build Order

msrm Zerg 

Build Orders: Pool First 

Get SALT Encoding   

  12  0:01  Drone  
  13  0:12  Overlord  
  13  0:16  Drone  
  14  0:30  Drone x2  
  14  0:34  Drone  
  17  0:44  Extractor  
  17  0:46  Drone  
  17  0:49  Spawning Pool  
  16  0:55  Drone  
  17  1:14  Hatchery  
  16  1:20  Drone  
  16  1:22  Drone  
  18  1:27  Drone  
  19  1:37  Queen  
  21  1:44  Metabolic Boost  
  21  1:48  Zergling x2  
  22  1:54  Overlord  
  22  2:14  Zergling x4  
  24  2:22  Zergling x2  
  25  2:24  Lair  
  25  2:26  Queen  
  25  2:27  Zergling x2  
  28  2:34  Zergling x2  
  29  2:41  Zergling x2  
  29  2:58  Zergling x4  
  29  2:59  Zergling x8  
  35  3:08  Overlord  
  35  3:11  Overlord  
  35  3:23  Zergling x2  
  36  3:32  Zergling x8  
  40  3:48  Zergling x10  
  45  3:56  Zergling x6  
  45  3:58  Zergling x2  
  45  4:02  Zergling x2  
  47  4:09  Hydralisk Den, Zergling x2  
  39  4:14  Drone x2  
  38  4:31  Drone x2  
  39  4:46  Extractor  
  39  4:47  Extractor  
  39  4:48  Muscular Augments  
  39  4:49  Overlord  
  39  4:50  Overlord  
  39  5:09  Hydralisk x4  
  45  5:26  Hydralisk  
  45  5:39  Hydralisk  
  45  5:40  Zergling x8  
  50  6:09  Zergling x2  
  50  6:23  Overlord x2  
  50  6:38  Hydralisk  
  51  6:41  Overlord  
  51  6:42  Hydralisk  
  51  6:43  Hydralisk  
  55  6:48  Hydralisk  
  55  7:00  Zergling x10  
  60  7:11  Hydralisk  
Tags
 
Add a new tag
Caveats
  • Supply blocks, unpowered buildings, or Contaminate may cause inaccurate times.
  • Supply counts are checked every 10 seconds.